AoeStats
← D哥

Nomad

510077055Analyzed
4v4 RM · 3d ago on Sep 29, 2026· 46m 51s· 8 players
Game mode
Random Map
Map size
231×231
Population
200
Speed
Normal
Resources
Standard
Victory
Conquest
Starting age
Dark Age
Ending age
Imperial Age
RankedLock teamsTeams togetherTeam positionsShared explorationLock speedFull tech treeHidden civsTurbo modeCheats
Victory
Defeat
🇫🇷 Malians · France
1459
+14
🇹🇷 Varangians · Türkiye
1342
+19
🇹🇼 Huns · Taiwan
1330
+19
🇹🇷 Sicilians · Türkiye
1228
+23
🇺🇸 Varangians · United States
1487
-22
🇨🇳 Huns · China
1487
-22
1382
-18
🇮🇳 Danes · India
1266
-13
MinorCloud9519
4:45 Loom
13:46 Feudal Age
14:37 Double-Bit Axe
18:11 Castle Age
16:10 Fishing Lines
16:58 Gold Mining
17:01 Fletching
18:06 Town Watch
18:52 Scale Mail Armor
19:44 Bow Saw
20:30 Bodkin Arrow
21:41 Gillnets
48:50 Imperial Age
47:02 Wheelbarrow
JOK3R_LSR
5:45 Loom
14:09 Feudal Age
15:13 Double-Bit Axe
17:38 Castle Age
16:19 Horse Collar
17:33 Fishing Lines
19:20 Bow Saw
20:34 Stone Mining
20:37 Gold Mining
22:34 Stone Shaft Mining
22:36 Gold Shaft Mining
22:17 Heavy Plow
23:49 Wheelbarrow
25:39 Gillnets
26:35 Hand Cart
26:06 Town Watch
28:48 Scale Barding Armor
28:53 Forging
30:26 Medium Warships
30:49 Ballistics
30:25 Murder Holes
34:05 Imperial Age
32:30 Bloodlines
32:20 Husbandry
33:19 Chain Barding Armor
33:49 Iron Casting
34:06 Fletching
34:31 Masonry
35:21 Heavy Camel Rider
36:40 Plate Barding Armor
36:49 Architecture
38:17 Bodkin Arrow
43:57 Farimba
44:20 Conscription
47:47 Chemistry
47:05 Tigui
馬上贏
4:32 Loom
15:25 Feudal Age
16:02 Double-Bit Axe
15:59 Fishing Lines
18:40 Castle Age
16:58 Bloodlines
17:33 Scale Barding Armor
17:21 Gold Mining
18:19 Forging
19:16 Wheelbarrow
19:43 Chain Barding Armor
19:53 Husbandry
19:45 Horse Collar
24:03 Bow Saw
24:28 Gold Shaft Mining
23:54 Heavy Plow
25:09 Town Watch
33:05 Imperial Age
30:51 Hand Cart
30:58 Gillnets
31:00 Stone Mining
34:33 Plate Barding Armor
33:52 Cavalier
35:08 Iron Casting
35:46 Paladin
45:25 Town Patrol
45:47 Ballistics
46:28 Chemistry
45:38 Masonry
yenese
8:31 Loom
13:36 Feudal Age
22:00 Double-Bit Axe
28:05 Castle Age
26:52 Horse Collar
27:09 Fishing Lines
27:41 Town Watch
34:22 Imperial Age
33:37 Bow Saw
33:28 Heavy Plow
33:48 Scale Barding Armor
33:54 Forging
34:52 Wheelbarrow
34:53 Husbandry
35:03 Bloodlines
37:32 Chain Barding Armor
37:48 Iron Casting
38:35 Scale Mail Armor
39:10 Iron Casting
39:58 Chain Mail Armor
40:18 Iron Casting
40:09 Conscription
40:40 Squires
40:26 Gambesons
40:27 Arson
43:01 Plate Mail Armor
43:31 Blast Furnace
43:17 Elite Serjeant
The OG PinkMan
4:14 Loom
14:33 Feudal Age
16:32 Double-Bit Axe
18:52 Castle Age
19:56 Forging
19:46 Scale Mail Armor
21:08 Arson
21:23 Squires
22:31 Chain Mail Armor
23:32 Medium Warships
25:37 Iron Casting
37:07 Imperial Age
36:31 Bow Saw
36:02 Horse Collar
37:43 Elite Jomsviking
busy pushing deer
4:16 Loom
15:28 Feudal Age
16:44 Double-Bit Axe
23:03 Castle Age
21:25 Horse Collar
21:53 Gold Mining
21:54 Stone Mining
24:11 Bow Saw
25:28 Forging
35:44 Scale Barding Armor
36:22 Fletching
D哥
8:30 Loom
16:16 Feudal Age
17:29 Double-Bit Axe
17:56 Scale Barding Armor
18:02 Forging
20:13 Castle Age
18:18 Gold Mining
19:43 Forging
19:54 Bloodlines
19:48 Fishing Lines
21:37 Iron Casting
24:27 Bow Saw
27:18 Fletching
水母系呆萌美少女可可
5:17 Loom
15:31 Feudal Age
16:02 Double-Bit Axe
20:09 Castle Age
19:09 Gold Mining
22:02 Bow Saw
21:36 Horse Collar
23:55 Wheelbarrow
26:03 Hand Cart
26:36 Stone Mining
28:08 Heavy Plow
33:55 Imperial Age
31:36 Fletching
31:46 Padded Archer Armor
32:38 Stone Shaft Mining
33:06 Ballistics
32:46 Bodkin Arrow
33:59 Town Watch
34:37 Bracer
35:40 Chemistry
35:55 Two-Man Saw
35:57 Leather Archer Armor
36:09 Conscription
35:12 Capped Ram
38:22 Elite Genoese Crossbowman
45:22 Squires
45:25 Scale Mail Armor
45:36 Forging
45:56 Ring Archer Armor
Connection lost

Rejoining the realm…

Still unreachable

The connection could not be restored.

Session expired

The server has moved on; the page needs a fresh start.